 Dungeon Crawl Stone Soup version 0.29.1-13-g9f3cf754e1 (webtiles) character file.

Game seed: 17608098148279436937

235312 protoss039 the Warrior (level 18, -4/143 (153) HPs)
             Began as a Demonspawn Earth Elementalist on Feb 8, 2023.
             Was the Champion of Vehumet.
             Slain by a saltling (24 damage)
             ... in the Desolation of Salt.
             The game lasted 02:20:57 (47875 turns).

protoss039 the Warrior (DsEE)                      Turns: 47875, Time: 02:20:58

HP:   -4/143 (153)  AC:  9    Str: 11    XL:     18   Next: 47%
MP:   37/37         EV: 12    Int: 29    God:    Vehumet [******]
Gold: 925           SH: 14    Dex: 13    Spells: 2/48 levels left

rFire   . . .      SeeInvis .   F - +1 short sword (venom)
rCold   + . .      Faith    .   x - +0 buckler {rC+}
rNeg    . . .      Spirit   .   m - +2 robe {Will+}
rPois   .          Reflect  .   q - +0 helmet
rElec   .          Harm     .   (cloak unavailable)
rCorr   .          Rampage  .   G - +0 pair of gloves
Will    +....                   U - +1 pair of boots
Stlth   ++........              u - amulet of magic regeneration
HPRegen 0.33/turn               j - +6 ring of intelligence
MPRegen 0.65/turn               w - ring of willpower

@: weak-willed, drained
A: large bone plates 3, foul stench 1, spiny 3, weakness stinger 3
}: 2/15 runes: decaying, serpentine
a: Renounce Religion


You were in the Desolation of Salt.
You worshipped Vehumet.
Vehumet was exalted by your worship.
You visited 7 branches of the dungeon, and saw 30 of its levels.
You also visited: Ossuary, Gauntlet, Ice Cave and Desolation.

You collected 2977 gold pieces.
You spent 2052 gold pieces at shops.

Inventory:

Hand Weapons
 F - a +1 short sword of venom (weapon)
Armour
 m - a +2 robe of willpower (worn)
 q - a +0 helmet (worn)
 x - a +0 buckler of cold resistance (worn)
 C - a +1 kite shield of poison resistance
 G - a +0 pair of gloves (worn)
 S - a +1 leather armour of poison resistance
 U - a +1 pair of boots (worn)
 V - a +2 robe of resistance
 X - a +0 kite shield of reflection
Magical Staves
 H - a staff of earth
Jewellery
 e - a ring of flight
 j - a +6 ring of intelligence (left hand)
 s - a ring of protection from cold
 u - an amulet of magic regeneration (around neck)
 w - a ring of willpower (right hand)
 K - a +4 ring of protection
 L - a ring of poison resistance
 W - a ring of wizardry
Wands
 c - a wand of digging (11)
 v - a wand of flame (10)
 E - a wand of roots (14)
 Q - a wand of light (7)
Scrolls
 d - 3 scrolls of magic mapping
 f - 2 scrolls of identify
 h - 5 scrolls of blinking
 l - 9 scrolls of teleportation
 n - 5 scrolls of immolation
 o - 2 scrolls of enchant armour
 t - 6 scrolls of amnesia
 A - 5 scrolls of fear
 D - 10 scrolls of butterflies
 P - 2 scrolls of summoning
Potions
 a - 3 potions of lignification
 b - 4 potions of magic
 g - 3 potions of brilliance
 i - 7 potions of might
 p - 8 potions of invisibility
 r - 6 potions of haste
 z - 4 potions of resistance
 B - 5 potions of mutation
 I - 2 potions of curing
 N - 4 potions of cancellation
 O - 3 potions of ambrosia
 T - 2 potions of flight


   Skills:
 + Level 16.9 Fighting
 - Level 6.0 Armour
 - Level 3.0 Dodging
 - Level 3.0 Stealth
 - Level 9.0 Shields
 + Level 15.8 Spellcasting
 + Level 13.2 Conjurations
 * Level 4.8 Transmutations
 + Level 0.8 Fire Magic
 + Level 15.5 Earth Magic
 - Level 3.0 Poison Magic


You had 2 spell levels left.
You knew the following spells:

 Your Spells              Type           Power      Damage    Failure   Level
a - Statue Form           Tmut/Erth      46%        N/A       6%          6
b - Passwall              Tmut/Erth      58%        N/A       1%          2
c - Stone Arrow           Conj/Erth      100%       3d13      0%          3
d - Sublimation of Blood  Necr           22%        N/A       3%          2
e - Lee's Rapid Deconstr  Erth           42%        3d22*     1%          5
f - Irradiate             Conj/Tmut      33%        3d22      1%          5
g - Starburst             Conj/Fire      29%        6d9       6%          6
h - Olgreb's Toxic Radia  Pois           40%        N/A       2%          4
j - Iron Shot             Conj/Erth      41%        9d8       1%          6
k - Orb of Destruction    Conj           39%        9d11      2%          7

Your spell library contained the following spells:

 Spells                   Type           Power      Damage    Failure   Level
 Lehudib's Crystal Spear  Conj/Erth      41%        10d10     12%         8
 Shatter                  Erth           42%        3d33*     69%         9
 Polar Vortex             Ice            11%        N/A       100%        9
 Sandblast                Erth           100%       2d20      0%          1
 Beastly Appendage        Tmut           100%       N/A       1%          1
 Freeze                   Ice            88%        1d10      1%          1
 Wereblood                Tmut           50%        N/A       1%          2
 Necrotise                Necr           88%        1d8       2%          1
 Blink                    Tloc           44%        N/A       3%          2
 Dazzling Flash           Conj/Hex       100%       N/A       1%          3
 Spider Form              Tmut/Pois      45%        N/A       1%          3
 Iskenderun's Mystic Bla  Conj/Tloc      57%        2d12      1%          4
 Petrify                  Tmut/Erth      70%        N/A       1%          4
 Frozen Ramparts          Ice            44%        1d7       2%          3
 Yara's Violent Unravell  Hex/Tmut       18%        3d9       7%          5
 Confusing Touch          Hex            22%        N/A       8%          3
 Ozocubu's Armour         Ice            22%        N/A       8%          3
 Portal Projectile        Hex/Tloc       44%        N/A       8%          3
 Teleport Other           Tloc           22%        N/A       8%          3
 Tukima's Dance           Hex            22%        N/A       8%          3
 Vampiric Draining        Necr           22%        2d7       8%          3
 Ice Form                 Ice/Tmut       37%        N/A       10%         4
 Blade Hands              Tmut           25%        N/A       10%         5
 Eringya's Noxious Bog    Tmut/Pois      22%        N/A       21%         6
 Animate Dead             Necr           22%        N/A       26%         4
 Summon Ice Beast         Ice/Summ       22%        N/A       26%         4
 Agony                    Necr           22%        N/A       56%         5
 Metabolic Englaciation   Hex/Ice        11%        N/A       56%         5
 Silence                  Hex/Air        11%        N/A       56%         5
 Summon Forest            Summ/Tloc      11%        N/A       56%         5
 Dispersal                Tloc           11%        N/A       98%         6
 Ozocubu's Refrigeration  Ice            11%        4d9       99%         7
 Enfeeble                 Hex            11%        N/A       100%        7
 Haunt                    Necr/Summ      11%        N/A       100%        7
 Malign Gateway           Summ/Tloc      11%        N/A       100%        7
 Summon Hydra             Summ           11%        N/A       100%        7
 Ignition                 Fire           13%        3d6       100%        8
 Infestation              Necr           11%        N/A       100%        8
 Summon Horrible Things   Summ           11%        N/A       100%        8


Dungeon Overview and Level Annotations

Branches:
Dungeon (13/15) Zot: 24921  Temple (1/1) D:4 Zot: 5786    Lair (5/5) D:9 Zot: 18651
  Swamp (4/4) Lair:2 Zot: 18473   Snake (4/4) Lair:2 Zot: 14230   Slime (0/5) Lair:5
    Orc (2/2) D:11 Zot: 8554     Elf (1/3) Orc:2 Zot: 5922  Vaults (0/5) D:13
Ossuary (visited)           IceCv (visited)         Desolation (1/1) Zot: 5764
Gauntlet (visited)

Altars:
Ashenzari
Cheibriados
Dithmenos
Fedhas
Gozag
Hepliaklqana
Kikubaaqudgha
Makhleb
Nemelex Xobeh
Okawaru
Qazlal
Ru
Sif Muna
Trog
Uskayaw
Vehumet
Wu Jian
Xom
Yredelemnul

Shops:
D:5 [   D:7 *(   D:8 *   D:9 ?   D:10 [:[=   D:11 [   Orc:1 !   Orc:2 ?:*[
Snake:4 [=[=

Annotations:
D:9 2 runed translucent doors, IHuginn's ghost, novice MiGl
D:10 2 transporters, Sapher's ghost, novice MeEE
D:13 3 runed translucent doors, 00Nightcrawler's ghost, journeyman VSTm; Snorg
Lair:3 Rupert
Swamp:4 Mara
Snake:2 Asterion
Orc:2 exclusion: door


Innate Abilities, Weirdness & Mutations

You are completely covered in large bone plates. (SH +8)
You may rarely emit foul miasma when damaged in melee.
You are completely covered in sharp spines.
You have a sharp stinger which inflicts weakening toxins.


Message History

Unknown command.
You feel much better.
Your surroundings suddenly seem different.
A servant of whispers, 3 saltlings, 2 ragged hierophants and a halazid warlock come into view.
Found four items.
The servant of whispers shouts!
The ragged hierophant shouts! x2
The halazid warlock shouts!
The halazid warlock mumbles some strange words.
Unknown command.
Unknown command.
Unknown command.
Press: ? - help, v - describe, . - travel, g - get item Item here: a steaming glass ring.
The floor.
You are too confused!
You are more confused.
You feel invigorated.
The servant of whispers shouts!
The saltling dissolves into shadows!
The saltling hits you.
You emit a cloud of foul miasma!
The saltling is struck by your spines.
The saltling hits you but does no damage.
Unknown command.
You feel better.
You feel less invigorated.
The peacekeeper roars a battlecry!
The saltlings go into a battle-frenzy!
The halazid warlock casts a spell at the saltling.
The saltling's animating energy erupts into ghostly fire!
The ghostly flame explodes!
The ghostly fireball engulfs the saltling.
The saltling completely resists.
The ghostly fireball engulfs you!!!
You feel drained.
* * * LOW HITPOINT WARNING * * *
The ghostly fireball engulfs the saltling.
The saltling completely resists.
The ghostly fireball engulfs the saltling.
The saltling completely resists.
The servant of whispers is struck by your spines.
The servant of whispers closely misses you.
You block the saltling's attack. The saltling hits you!!
You die...

,,,,,,,,,,,,,,,,,,,,,,,,
,,,,,,,,,,,,,,........##
,,,,,,,,,,,,,,,.......##
,,,,,,,,,,,,,,,.......##
,,,,,,,,,,,****.......##
,,,,,,,,,,**,,*#......##
,,*,,,,,,,*,,,,#......##
,,,,,,,,,.###.##9a....##
,,,,,,,,,.8....8@9....##
,,,,,,,,,........9....##
,,,,,,,,,.......9a.9..##
,,,,,,,,,.8....8..99..##
,,*,,,,,,.##.#:#L9.a..##
,,,,,,,,,,#..|)#...9..##
,,,,,,,,,,##.=##a...9.##
,,,,,,,,,,,###*.......##
,,,,,,,,,,,,,,,,,,,,,,,,


You could see 2 ragged hierophants, 2 servants of whispers, a halazid warlock, a
peacekeeper (summoned) and 9 saltlings.

Vanquished Creatures
  Bai Suzhen (Swamp:4)
  Jorgrun (Swamp:2)
  A tentacled monstrosity (Swamp:4)
  Kirke (D:13)
  Gastronok (Lair:1)
  Roxanne (Swamp:2)
  8 nagarajas
  A frost giant (IceCv)
  Louise (Swamp:2)
  3 orc warlords (Orc:2)
  7 eleionomae
  Azrael (Snake:1)
  A bunyip (Swamp:3)
  An ettin (Orc:2)
  A crystal guardian (Desolation)
  Josephine (Orc:2)
  3 shambling mangroves
  5 ice dragons
  14 hydras
  3 boulder beetles
  3 ghost crabs
  Erolcha (Orc:2)
  A peacekeeper (Desolation)
  15 anacondas
  5 two-headed ogres
  An ogre mage (D:13)
  18 naga warriors
  4 alligators
  12 death yaks
  Urug (Lair:3)
  4 orc high priests (Orc:2)
  18 naga sharpshooters
  A spriggan berserker (Swamp:3)
  4 shock serpents
  5 salamander mystics
  Sonja (Lair:5)
  3 goliath frogs
  5 sea snakes
  5 spriggan druids
  2 swamp dragons (Swamp:1)
  3 bog bodies
  8 naga ritualists
  2 lindwurms (Lair:5)
  2 ironbound convokers (Desolation)
  3 orc knights (Orc:2)
  A wolf spider (Lair:5)
  A deep elf pyromancer (D:13)
  An ugly thing (IceCv)
  3 orc sorcerers (Orc:2)
  3 cyclopes
  3 will-o-the-wisps
  11 mana vipers
  A manticore (D:11)
  13 salamanders
  15 elephants
  23 naga magi
  15 guardian serpents
  52 black mambas
  Joseph (D:7)
  22 cane toads
  2 gargoyles (D:13)
  An ice statue (IceCv)
  5 torpor snails (Lair:5)
  3 unseen horrors
  4 komodo dragons
  Maggie (D:7)
  A kobold demonologist (D:11)
  2 rime drakes
  4 freezing wraiths (Swamp:4)
  3 meliai (D:13)
  8 trolls
  14 polar bears
  11 saltlings
  10 tyrant leeches
  18 hornets
  4 dream sheep (Lair:4)
  5 blink frogs (Lair:1)
  A raiju (shapeshifter) (D:13)
  18 wyverns
  66 yaks
  10 spriggans
  A vampire (D:12)
  A fire elemental (Snake:1)
  8 wraiths
  2 steam dragons
  3 hogs (D:13)
  3 basilisks
  A redback (Lair:5)
  13 vampire mosquitoes
  4 swamp worm simulacra (Swamp:4)
  Edmund (D:4)
  53 nagas
  4 wargs
  19 swamp worms
  14 hydra simulacra (Swamp:4)
  4 hell hounds (Snake:1)
  Duvessa (D:4)
  21 water moccasins
  An acid dragon (D:11)
  3 black bears
  2 swamp drakes
  An ice beast (D:5)
  34 orc warriors
  25 wolves
  13 ogres
  A phantom (D:5)
  4 kobold brigands
  Blork the orc (D:6)
  10 bullfrogs
  3 necrophages
  5 scorpions
  Dowan (D:4)
  5 killer bees (D:9)
  3 howler monkeys (D:12)
  An electric eel (Lair:4)
  A quasit (D:4)
  5 centaur zombies (Ossuary)
  A hound (D:7)
  2 jellies
  31 orc priests
  2 gnoll boudas
  Jessica (D:2)
  3 iguanas
  Natasha (twice) (D:2)
  25 orc wizards
  5 mummies (Ossuary)
  11 adders
  12 gnolls
  5 shadow imps
  16 white imps
  4 swamp drake simulacra (Swamp:4)
  2 ufetubi (D:5)
  A worm (D:3)
  126 orcs
  7 endoplasms
  7 giant cockroaches
  7 goblins
  7 hobgoblins
  2 quokkas
  6 ball pythons
  3 bats (D:2)
  6 frilled lizards
  2 hobgoblin zombies (Ossuary)
  24 kobolds
  A rat (D:3)
1132 creatures vanquished.

Vanquished Creatures (others)
  A ghost crab (Swamp:4)
  A bloated husk (Swamp:2)
  2 humans (D:13)
  A naga (Snake:4)
  A bush (Lair:5)
  3 demonic plants (D:5)
  2 foxfires (Swamp:4)
  61 fungi
  97 plants
169 creatures vanquished.

Grand Total: 1301 creatures vanquished

Notes
Turn   | Place    | Note
-------+----------+-------------------------------------------
     0 | D:1      | protoss039 the Demonspawn Earth Elementalist began the
                  | quest for the Orb.
     0 | D:1      | Reached XP level 1. HP: 13/13 MP: 3/3
   118 | D:2      | Reached skill level 1 in Transmutations
   136 | D:2      | Noticed Jessica
   140 | D:2      | Killed Jessica
   141 | D:2      | Gained mutation: You have a small tail. [demonic ancestry]
   141 | D:2      | Reached XP level 2. HP: 20/20 MP: 0/5
   141 | D:2      | Gained mutation: You are partially covered in large bone
                  | plates. (SH +4) [demonic ancestry]
   141 | D:2      | Reached XP level 3. HP: 25/25 MP: 0/6
   330 | D:2      | Reached skill level 1 in Fighting
   641 | D:2      | Noticed Natasha
   645 | D:2      | Killed Natasha
   646 | D:2      | Reached XP level 4. HP: 16/32 MP: 4/7
  1072 | D:2      | Noticed Natasha
  1080 | D:2      | Killed Natasha
  1475 | D:2      | Found a faded altar of an unknown god.
  1859 | D:1      | Gained mutation: You are partially covered in sharp spines.
                  | [demonic ancestry]
  1859 | D:1      | Reached XP level 5. HP: 37/37 MP: 8/8
  2583 | D:1      | Learned a level 2 spell: Passwall
  2587 | D:1      | Learned a level 3 spell: Stone Arrow
  3208 | D:3      | Reached skill level 2 in Fighting
  3334 | D:3      | Reached skill level 1 in Armour
  3415 | D:3      | Reached XP level 6. HP: 44/44 MP: 10/10
  3581 | D:4      | Found a sand-covered staircase.
  3590 | Ossuary  | Entered an ossuary
  3656 | Ossuary  | Reached skill level 3 in Fighting
  3827 | D:4      | Gained mutation: You are mostly covered in sharp spines.
                  | [demonic ancestry]
  3827 | D:4      | Reached XP level 7. HP: 52/52 MP: 6/12
  3933 | D:4      | Found a staircase to the Ecumenical Temple.
  3933 | D:4      | You fall into a shaft and drop 1 floor!
  3933 | D:5      | Entered Level 5 of the Dungeon
  3933 | D:5      | Found a sacrificial altar of Ru.
  3933 | D:5      | Found a shimmering altar of Xom.
  3933 | D:5      | Found a basalt altar of Yredelemnul.
  4143 | Temple   | Entered the Ecumenical Temple
  4288 | Temple   | Became a worshipper of Vehumet
  4384 | D:4      | Noticed Edmund
  4396 | D:4      | Killed Edmund
  4397 | D:4      | Reached skill level 1 in Conjurations
  4401 | D:4      | Reached skill level 1 in Shields
  4815 | D:4      | Noticed Duvessa
  4815 | D:4      | Noticed Dowan
  4822 | D:4      | Killed Dowan
  4836 | D:4      | Killed Duvessa
  5259 | D:5      | Gained mutation: You may rarely emit foul miasma when
                  | damaged in melee. [demonic ancestry]
  5259 | D:5      | Reached XP level 8. HP: 53/60 MP: 1/14
  5680 | D:5      | Reached * piety under Vehumet
  5680 | D:5      | Offered knowledge of Magic Dart by Vehumet.
  5771 | D:5      | Found Engoinn's Armour Boutique.
  5810 | D:5      | Reached skill level 4 in Fighting
  6234 | D:6      | Noticed Blork the orc
  6238 | D:6      | Killed Blork the orc
  6505 | D:6      | Found a bloodstained altar of Trog.
  6537 | D:6      | Reached skill level 5 in Earth Magic
  6537 | D:6      | Gained mutation: You are mostly covered in large bone
                  | plates. (SH +6) [demonic ancestry]
  6537 | D:6      | Reached XP level 9. HP: 66/66 MP: 7/15
  6740 | D:7      | Found a stormy altar of Qazlal.
  6809 | D:7      | Found a hazy altar of Hepliaklqana.
  6810 | D:7      | Found a shadowy altar of Dithmenos.
  6941 | D:7      | Found Tyet's Gadget Gallery.
  7014 | D:7      | Noticed Joseph
  7020 | D:7      | Killed Joseph
  7151 | D:7      | Reached skill level 5 in Armour
  7163 | D:7      | Reached skill level 5 in Spellcasting
  7416 | D:7      | Found an opulent altar of Gozag.
  7420 | D:7      | Reached skill level 5 in Fighting
  7507 | D:7      | Reached ** piety under Vehumet
  7507 | D:7      | Offered knowledge of Foxfire by Vehumet.
  7521 | D:7      | Found Xutyim's Weapon Shoppe.
  7531 | D:7      | Noticed Maggie
  7538 | D:7      | Killed Maggie
  7539 | D:7      | Reached skill level 5 in Conjurations
  8324 | D:8      | Reached skill level 5 in Shields
  8333 | D:8      | Reached XP level 10. HP: 28/74 MP: 11/17
  8342 | D:8      | Offered knowledge of Ignite Poison by Vehumet.
  8713 | D:8      | Found Exuaxkig's General Store.
  8721 | D:8      | Bought a scroll of identify for 26 gold pieces
  8721 | D:8      | Bought a potion of berserk rage for 65 gold pieces
  9155 | D:9      | Reached *** piety under Vehumet
  9374 | D:9      | Noticed a five-headed hydra
  9381 | D:9      | Killed a five-headed hydra
  9498 | D:9      | Found a large runed translucent door.
  9499 | D:9      | Found a large runed translucent door.
  9522 | D:9      | Noticed IHuginn's ghost (novice MiGl)
  9669 | D:9      | Found a staircase to the Lair.
  9775 | D:9      | Found Bucleoha's Magic Scroll Shop.
  9784 | D:9      | Bought a scroll of identify for 26 gold pieces
  9784 | D:9      | Bought a scroll of identify for 26 gold pieces
  9784 | D:9      | Bought a scroll of noise for 13 gold pieces
  9812 | D:9      | Identified the +0 kite shield of the Doldrums {*Corrode rF+
                  | Int+2}
  9958 | D:10     | Entered Level 10 of the Dungeon
  9961 | D:10     | Found a transporter.
  9966 | D:10     | Noticed Sapher's ghost (novice MeEE)
  9981 | D:10     | Found Tivoaleaps's Antique Armour Boutique.
 10068 | D:10     | Bought a runed cloak for 180 gold pieces
 10156 | D:10     | Found Teeblyast's Antique Armour Shop.
 10171 | D:10     | Found Caynoeg's Jewellery Shop.
 10199 | D:10     | Paralysed by a kobold for 3 turns
 10205 | D:10     | Offered knowledge of Airstrike by Vehumet.
 10225 | D:10     | Found Nineet's Distillery.
 10489 | D:10     | Found a transporter.
 10551 | D:10     | Found a hide-covered altar of Uskayaw.
 10671 | D:10     | Found Boanuirr's Book Boutique.
 10903 | D:11     | Reached skill level 6 in Fighting
 10939 | D:11     | Noticed a manticore
 11139 | D:11     | Killed a manticore
 11140 | D:11     | Reached **** piety under Vehumet
 11196 | D:11     | Offered knowledge of Sticky Flame by Vehumet.
 11248 | D:11     | Found a staircase to the Orcish Mines.
 11291 | D:11     | Noticed a cyclops
 11296 | D:11     | Killed a cyclops
 11297 | D:11     | Gained mutation: You are completely covered in large bone
                  | plates. (SH +8) [demonic ancestry]
 11297 | D:11     | Reached XP level 11. HP: 72/83 MP: 13/20
 11886 | D:11     | Found Marduk's Dragon-Slaying Spoils.
 11975 | D:12     | Noticed a two-headed ogre
 11979 | D:12     | Killed a two-headed ogre
 12275 | D:12     | Noticed a two-headed ogre
 12283 | D:12     | Killed a two-headed ogre
 12369 | D:12     | Noticed a seven-headed hydra
 12373 | D:12     | Killed a seven-headed hydra
 12374 | D:12     | Reached skill level 7 in Fighting
 12861 | D:13     | Noticed Snorg
 13019 | D:13     | Noticed a deep elf pyromancer
 13226 | D:13     | Noticed a five-headed hydra
 13231 | D:13     | Killed a five-headed hydra
 13245 | D:13     | Noticed Kirke
 13255 | D:13     | Noticed a lindwurm
 13256 | D:13     | Killed Kirke
 13257 | D:13     | Reached skill level 8 in Fighting
 13356 | D:13     | Noticed a centaur warrior
 13374 | D:13     | Noticed a tengu warrior
 13827 | D:13     | Found a runed translucent gate.
 13831 | D:13     | Found a runed translucent gate.
 13832 | D:13     | Noticed a phantasmal warrior
 13833 | D:13     | Found a runed translucent gate.
 13835 | D:13     | Noticed 00Nightcrawler's ghost (journeyman VSTm)
 13897 | D:13     | Killed a deep elf pyromancer
 13927 | D:13     | Noticed a two-headed ogre
 13931 | D:13     | Killed a two-headed ogre
 13932 | D:13     | Gained mutation: You are completely covered in sharp
                  | spines. [demonic ancestry]
 13932 | D:13     | Reached XP level 12. HP: 94/94 MP: 12/24
 13932 | D:13     | Noticed a two-headed ogre
 13948 | D:13     | Killed a two-headed ogre
 14241 | D:13     | Found a gate to the Vaults.
 14296 | D:13     | Noticed an ogre mage
 14300 | D:13     | Killed an ogre mage
 14446 | Lair:1   | Entered Level 1 of the Lair of Beasts
 14633 | Lair:1   | Noticed a four-headed hydra
 14639 | Lair:1   | Killed a four-headed hydra
 14640 | Lair:1   | Reached skill level 9 in Fighting
 14657 | Lair:1   | Noticed a boulder beetle
 14669 | Lair:1   | Killed a boulder beetle
 15049 | Lair:2   | Found a gate leading to a gauntlet.
 15058 | Gauntlet | Entered a Gauntlet
 15058 | Gauntlet | Noticed a dire elephant
 15058 | Gauntlet | Found a large runed translucent door.
 15058 | Gauntlet | Found a large runed translucent door.
 15058 | Gauntlet | Found a large runed translucent door.
 15058 | Gauntlet | Found a large runed translucent door.
 15058 | Gauntlet | Found a large runed translucent door.
 15058 | Gauntlet | Found a large runed translucent door.
 15058 | Gauntlet | Found a large runed translucent door.
 15058 | Gauntlet | Found a large runed translucent door.
 15058 | Gauntlet | Found a runed translucent door.
 15058 | Gauntlet | Found a runed translucent gate.
 15058 | Gauntlet | Found a transporter.
 15058 | Gauntlet | Found a transporter.
 15058 | Gauntlet | Found a runed translucent gate.
 15058 | Gauntlet | Found a transporter.
 15202 | Gauntlet | Found a transporter.
 15207 | Gauntlet | Noticed a death scarab
 15213 | Gauntlet | Found a transporter.
 15219 | Gauntlet | Found a transporter.
 15221 | Gauntlet | Found a transporter.
 15230 | Gauntlet | Noticed a death scarab
 15236 | Gauntlet | Found a transporter.
 15256 | Gauntlet | Found a transporter.
 15283 | Gauntlet | Found a transporter.
 15324 | Gauntlet | Found a runed translucent door.
 15325 | Gauntlet | Found a large runed translucent door.
 15325 | Gauntlet | Found a large runed translucent door.
 15325 | Gauntlet | Found a large runed translucent door.
 15325 | Gauntlet | Found a large runed translucent door.
 15326 | Gauntlet | Found a large runed translucent door.
 15326 | Gauntlet | Found a large runed translucent door.
 15327 | Gauntlet | Found a large runed translucent door.
 15327 | Gauntlet | Found a large runed translucent door.
 15336 | Gauntlet | Found a runed translucent gate.
 15342 | Gauntlet | Found a transporter.
 15352 | Gauntlet | Found a transporter.
 15472 | Lair:2   | Noticed a four-headed hydra
 15478 | Lair:2   | Killed a four-headed hydra
 15634 | Lair:2   | Reached skill level 10 in Fighting
 15678 | Lair:1   | Noticed Gastronok
 15703 | Lair:1   | Killed Gastronok
 15859 | Lair:1   | Noticed a seven-headed hydra
 15866 | Lair:1   | Killed a seven-headed hydra
 15869 | Lair:1   | Reached ***** piety under Vehumet
 15869 | Lair:1   | Offered knowledge of Spellforged Servitor by Vehumet.
 15870 | Lair:1   | Reached skill level 10 in Earth Magic
 15870 | Lair:1   | Gained mutation: You have a tail ending in a sharp stinger.
                  | [demonic ancestry]
 15870 | Lair:1   | Reached XP level 13. HP: 94/103 MP: 10/26
 16093 | Lair:1   | Reached skill level 10 in Spellcasting
 16730 | Lair:2   | Found a staircase to the Snake Pit.
 17361 | Lair:2   | Reached skill level 11 in Fighting
 18123 | Lair:2   | Found a staircase to the Swamp.
 18527 | Lair:3   | Noticed Urug
 18535 | Lair:3   | Killed Urug
 18747 | Lair:3   | Noticed Rupert
 19667 | Lair:4   | Found a frozen archway.
 19678 | IceCv    | Entered an ice cave
 20863 | IceCv    | Offered knowledge of Hailstorm by Vehumet.
 20871 | IceCv    | Reached skill level 12 in Fighting
 21088 | IceCv    | Gained mutation: You have a sharp stinger which inflicts
                  | weakening toxins. [demonic ancestry]
 21088 | IceCv    | Reached XP level 14. HP: 115/115 MP: 18/29
 21437 | IceCv    | Noticed a frost giant
 21453 | IceCv    | Killed a frost giant
 22157 | IceCv    | Got the Guidebook on Ice
 23318 | Lair:5   | Entered Level 5 of the Lair of Beasts
 24012 | Lair:5   | Offered knowledge of Iron Shot by Vehumet.
 24218 | Lair:5   | Reached skill level 13 in Fighting
 24535 | Lair:5   | Learned a level 6 spell: Iron Shot
 24660 | Lair:5   | Noticed Sonja
 24675 | Lair:5   | Killed Sonja
 25689 | Lair:5   | Found a staircase to the Slime Pits.
 25991 | Lair:5   | Found a runed translucent door.
 26090 | Lair:5   | Reached XP level 15. HP: 124/124 MP: 27/31
 27270 | Lair:5   | Reached skill level 14 in Fighting
 28010 | Orc:1    | Entered Level 1 of the Orcish Mines
 28148 | Orc:2    | Entered Level 2 of the Orcish Mines
 28214 | Orc:2    | Noticed Erolcha
 28453 | D:10     | Bought a ring of willpower for 375 gold pieces
 28516 | Orc:2    | Killed Erolcha
 28516 | Orc:2    | Offered knowledge of Orb of Destruction by Vehumet.
 28528 | Orc:1    | Learned a level 7 spell: Orb of Destruction
 28840 | Orc:2    | Noticed Josephine
 28847 | Orc:2    | Killed Josephine
 29061 | Orc:2    | Found Qineir's Armour Boutique.
 29148 | Orc:2    | Noticed an orc warlord
 29156 | Orc:2    | Killed an orc warlord
 29331 | Orc:2    | Found Toifa's General Store.
 29387 | Orc:2    | Bought a potion of lignification for 33 gold pieces
 29387 | Orc:2    | Bought a potion of invisibility for 88 gold pieces
 29740 | Orc:2    | Noticed an orc warlord
 29745 | Orc:2    | Killed an orc warlord
 30056 | Orc:2    | Found a staircase to the Elven Halls.
 30190 | Orc:2    | Noticed an orc warlord
 30382 | Orc:1    | Found Holaemuf's Distillery.
 30390 | Orc:1    | Bought a potion of haste for 170 gold pieces
 30390 | Orc:1    | Bought a potion of ambrosia for 136 gold pieces
 30554 | Orc:2    | Offered knowledge of Eringya's Noxious Bog by Vehumet.
 30563 | Orc:2    | Killed an orc warlord
 30860 | Orc:2    | Found Ruesud's Book Boutique.
 30869 | Orc:2    | Bought the Unrestrained Analects for 484 gold pieces
 30874 | Orc:2    | Learned a level 4 spell: Olgreb's Toxic Radiance
 30893 | Orc:2    | Reached skill level 1 in Poison Magic
 31223 | Orc:2    | Found Yruruffe's Magic Scroll Shop.
 31231 | Orc:2    | Bought a scroll of blinking for 97 gold pieces
 31231 | Orc:2    | Bought a scroll of magic mapping for 97 gold pieces
 31231 | Orc:2    | Bought a scroll of identify for 26 gold pieces
 31691 | Snake:1  | Entered Level 1 of the Snake Pit
 32050 | Snake:1  | Got Gell's Codex of Dislocation
 32353 | Snake:1  | Reached skill level 10 in Conjurations
 32587 | Snake:1  | Noticed Azrael
 32706 | Snake:1  | Killed Azrael
 32734 | Snake:1  | Reached XP level 16. HP: 125/134 MP: 11/33
 32836 | Snake:1  | Offered knowledge of Lee's Rapid Deconstruction by Vehumet.
 32940 | Snake:1  | Learned a level 5 spell: Lee's Rapid Deconstruction
 34054 | Snake:2  | Reached skill level 15 in Fighting
 34680 | Snake:2  | Noticed Asterion
 35804 | Snake:3  | Offered knowledge of Starburst by Vehumet.
 37006 | Snake:3  | Learned a level 6 spell: Starburst
 38248 | Snake:3  | Learned a level 5 spell: Irradiate
 38251 | Snake:3  | Learned a level 2 spell: Sublimation of Blood
 38252 | Snake:4  | Entered Level 4 of the Snake Pit
 38262 | Snake:4  | Reached XP level 17. HP: 101/142 MP: 20/35
 38628 | Snake:4  | Found Woulit Deun's Antique Armour Emporium.
 38631 | Snake:4  | Found Zaps's Armour Shoppe.
 38631 | Snake:4  | Found Mauphow's Jewellery Emporium.
 38637 | Snake:4  | Found Ventat's Jewellery Shoppe.
 38970 | Snake:4  | Reached ****** piety under Vehumet
 39415 | Snake:4  | Reached skill level 15 in Earth Magic
 39703 | Snake:4  | Reached skill level 16 in Fighting
 40152 | Snake:4  | Reached skill level 15 in Spellcasting
 40154 | Snake:4  | Offered knowledge of Lehudib's Crystal Spear by Vehumet.
 40154 | Snake:4  | Offered knowledge of Shatter by Vehumet.
 40154 | Snake:4  | Offered knowledge of Polar Vortex by Vehumet.
 41296 | Snake:4  | Got a serpentine rune of Zot
 41367 | Snake:4  | Bought a ring of flight for 210 gold pieces
 41558 | Swamp:1  | Entered Level 1 of the Swamp
 42650 | Swamp:2  | Noticed Jorgrun
 42762 | Swamp:2  | Noticed Louise
 42771 | Swamp:2  | Killed Jorgrun
 42958 | Swamp:2  | Noticed Roxanne
 42966 | Swamp:2  | Killed Roxanne
 43828 | Swamp:2  | Killed Louise
 43969 | Swamp:2  | Learned a level 6 spell: Statue Form
 44779 | Swamp:3  | Reached XP level 18. HP: 153/153 MP: 34/37
 45438 | Swamp:4  | Entered Level 4 of the Swamp
 45813 | Swamp:4  | Noticed a tentacled monstrosity
 46010 | Swamp:4  | Killed a tentacled monstrosity
 46056 | Swamp:4  | Noticed Mara
 46067 | Swamp:4  | Noticed protoss039's illusion
 46604 | Swamp:4  | Noticed Bai Suzhen
 46612 | Swamp:4  | Killed Bai Suzhen
 47200 | Swamp:4  | Got a decaying rune of Zot
 47565 | Elf:1    | Entered Level 1 of the Elven Halls
 47565 | Elf:1    | Found a crumbling gateway.
 47643 | Desolati | Entered the Desolation of Salt
 47875 | Desolati | Slain by a saltling

Illustrated notes

Levels and vault maps discovered:
D:1:      dpeg_arrival_line_fractal, layout_loops_ring,
          amcnicky_mini_pool_small, minivault_5
D:2:      minmay_alternating_diamond, layout_rooms,
          shapermc_ecumenical_altar_mp_urbaneastern, minmay_tetromino_o2,
          uniq_natasha, uniq_jessica
D:3:      layout_loops_corners, kennysheep_potato
D:4:      layout_basic, minmay_temple_entry_gardened_gates,
          chequers_ossuary_entry_cave, uniq_duvessa, uniq_edmund
D:5:      layout_basic, chequers_temple_overflow_statue_of_worship,
          serial_shops, shop_fountains, serial_demonic, serial_demonic_d,
          serial_demonic_b, serial_demonic_c, serial_demonic_d,
          serial_demonic_e, serial_demonic_b
D:6:      layout_basic, trog_butcher_becter, hangedman_abyss_or_decor_stabs,
          uniq_blork_the_orc
D:7:      layout_gridville, riverfiend_overflow_shadow_ancestor,
          nicolae_gozag_seed_capital, mainiacjoe_overflow_alcove_1,
          serial_shops, nicolae_shop_statue_plus, nicolae_shop_gadgets,
          uniq_maggie, uniq_joseph
D:8:      layout_basic, elyvilon_altar_4, serial_shops, shop_statue,
          special_room [special_room_orc], chequers_serial_rivers_large_b
D:9:      layout_rooms, lair_entry_dummy, ebering_ghost_disaster_area,
          serial_shops, nicolae_stop_n_shop_1, minmay_misc_feat_rugged,
          hangedman_decor_points
D:10:     layout_loops_ring, general_overflow_altar, serial_shops,
          shop_fountains, nicolae_shop_advertising_works
          [nicolae_subvault_shop_adworks], shop, kennysheep_mini_moat,
          nicolae_shop_behind_doors, gammafunk_ghost_stat_death,
          serial_bayou_pond_e
D:11:     layout_small_grid, erik_orc_4, nicolae_shop_dragon_depot
D:12:     layout_stronghold
D:13:     layout_loops_ring, david_vaults_2, gammafunk_ghost_spectres,
          uniq_kirke, uniq_snorg
Temple:   chequers_temple_sunken
Lair:1:   layout_hall_layers, minivault_11, grunt_megastairs_2, uniq_gastronok
Lair:2:   layout_gridlike, palyth_hydra_swamp_entry,
          minmay_snake_entry_guardpost_large, gauntlet_entry_generic
Lair:3:   layout_cave_pods, chequers_serial_rivers_micro_c, uniq_urug,
          uniq_rupert
Lair:4:   layout_hall_layers, portal_ice_cave_entry_imps, serial_bayou_lake_a,
          serial_bayou_shore_b
Lair:5:   wormcave, layout_cellular_growth, hangedman_lair_tendril_chambers,
          dpeg_slime_entry_enclosed, uniq_sonja
Swamp:1:  layout_basic_swamp, hangedman_swamp_ruin_wall
Swamp:2:  layout_basic_swamp, infiniplex_staircase_pool, uniq_roxanne,
          uniq_louise, uniq_jorgrun
Swamp:3:  layout_basic_swamp, evilmike_swamp_ruin_house_2
Swamp:4:  swamp_icy, layout_basic_swamp, uniq_bai_suzhen, uniq_mara
Snake:1:  layout_cave_pods, uniq_azrael
Snake:2:  nicolae_snake_hallway, layout_cave_town, st_stairs_8, uniq_asterion
Snake:3:  layout_chambers, grunt_ministairs_13, grunt_megastairs_4
Snake:4:  grunt_snake_rune_pools, layout_rooms, minmay_shoptagon
Orc:1:    layout_diamond_mine, serial_shops, nicolae_shop_stone
Orc:2:    pubby_orc_utopia, serial_shops, uniq_josephine, uniq_erolcha
Elf:1:    minmay_the_grid_4x2 [minmay_the_grid_doors, minmay_the_grid_all_tris,
          minmay_the_grid_diamond_grid, minmay_the_grid_broken_lines,
          minmay_the_grid_rooms, minmay_the_grid_outer_circle,
          minmay_the_grid_plusring, minmay_the_grid_prize_inner_circle],
          layout_loops_corners, portal_desolation_entry_nicolae_nacl,
          kennysheep_underground_church, nicolae_danse_macabre
Desolation

Skill      XL: |  1  2  3  4  5  6  7  8  9 10 11 12 13 14 15 16 17 18 |
---------------+-------------------------------------------------------+-----
Transmutations | 1 4 |  4.8
Dodging        | 2 3 |  3.0
Stealth        | 2 3 |  3.0
Fighting       | 1 2 3 4 5 6 8 10 12 13 14 15 16 | 16.9
Earth Magic    | 3 4 5 6 8 10 11 12 13 14 15 | 15.5
Armour         | 1 2 3 4 5 6 |  6.0
Spellcasting   | 3 4 5 6 8 9 11 12 13 14 15 | 15.8
Conjurations   | 1 3 5 7 9 10 11 12 13 | 13.2
Shields        | 1 3 5 6 8 9 |  9.0
Poison Magic   | 3 |  3.0
Fire Magic     | |  0.8

Action                   |  1- 3 |  4- 6 |  7- 9 | 10-12 | 13-15 | 16-18 || total
-------------------------+-------+-------+-------+-------+-------+-------++-------
Melee: Dagger            |    10 |    98 |    70 |    96 |   187 |       ||   461
       Tailslap          |       |    19 |    17 |    25 |    80 |    23 ||   164
       Punch             |       |     1 |       |       |       |       ||     1
       Hand axe          |       |       |    18 |     3 |    36 |       ||    57
       Short sword       |       |       |       |       |    99 |    82 ||   181
 Cast: Sandblast         |    22 |    39 |    35 |    70 |   149 |    93 ||   408
       Stone Arrow       |       |     1 |    94 |   238 |   540 |   115 ||   988
       Passwall          |       |       |     1 |       |     4 |     9 ||    14
       Iron Shot         |       |       |       |       |   180 |   461 ||   641
       Olgreb's Toxic Ra |       |       |       |       |     4 |    11 ||    15
       Lee's Rapid Decon |       |       |       |       |       |    29 ||    29
       Starburst         |       |       |       |       |       |    10 ||    10
       Irradiate         |       |       |       |       |       |     8 ||     8
       Sublimation of Bl |       |       |       |       |       |     1 ||     1
       Orb of Destructio |       |       |       |       |       |     1 ||     1
       Statue Form       |       |       |       |       |       |     1 ||     1
 Abil: End Transformatio |       |       |       |       |       |     1 ||     1
Evoke: Wand              |       |       |       |     9 |     7 |     2 ||    18
  Use: Scroll            |       |     2 |     2 |     9 |    12 |    12 ||    37
       Potion            |       |       |       |     4 |     4 |     6 ||    14
 Stab: Sleeping          |       |     5 |       |       |       |       ||     5
Armor: Robe              |     7 |     2 |       |       |   113 |    32 ||   154
       Leather armour    |       |    41 |    63 |    67 |   109 |    45 ||   325
       Skin              |       |       |       |       |       |     2 ||     2
Dodge: Dodged            |    28 |    85 |    76 |    74 |   290 |   111 ||   664
Block: Other             |     3 |    23 |     6 |       |       |       ||    32
       Buckler           |       |       |    89 |   203 |   307 |    26 ||   625
       Kite shield       |       |       |       |       |   512 |   432 ||   944
       Reflection        |       |       |       |       |       |    41 ||    41
